 Dungeon Crawl Stone Soup version 0.27-a0-661-gca034ae587 (webtiles) character file.

Game seed: 16064163250939857836

3676 Mitsuki the Fighter (level 9, -3/85 HPs)
             Began as a Minotaur Berserker on Mar 17, 2021.
             Was an Elder of Trog.
             Slain by an orc warrior
             ... wielding a +0 morningstar
              (14 damage)
             ... on level 8 of the Dungeon.
             The game lasted 00:25:04 (6725 turns).

Mitsuki the Fighter (Minotaur Berserker)            Turns: 6725, Time: 00:25:04

Health: -3/85      AC: 18    Str: 25    XL:     9   Next: 89%
Magic:  8/8        EV:  8    Int:  8    God:    Trog [****..]
Gold:   148        SH:  9    Dex: 10    Spells: 8/8 levels left

rFire    + . .     SeeInvis .   a - +0 falchion
rCold    . . .     Faith    .   I - +0 kite shield
rNeg     . . .     Spirit   .   w - +4 chain mail of Guit {rCorr Stlth+}
rPois    +         Reflect  .   (helmet restricted)
rElec    .         Harm     .   p - +0 cloak
rCorr    +         Rampage  .   h - +0 pair of gloves
Will     +....                  n - +0 pair of boots
Stlth    ..........             v - amulet of regeneration
HPRegen  2.24/turn              F - ring "Feuneaf" {Wiz rPois rF+ Will- Int+4}
MPRegen  0.11/turn              (no ring)

@: regenerating
A: horns 2, retaliatory headbutt
a: Renounce Religion, Berserk, Trog's Hand, Brothers in Arms


You were on level 8 of the Dungeon.
You worshipped Trog.
Trog was greatly pleased with you.
You visited 1 branch of the dungeon, and saw 8 of its levels.

You collected 412 gold pieces.
You spent 264 gold pieces at shops.

Inventory:

Hand Weapons
 a - a +0 falchion (weapon)
 b - a +2 hunting sling of flaming
Missiles
 r - 287 stones
 x - 28 sling bullets
Armour
 h - a +0 pair of gloves (worn)
 n - a +0 pair of boots (worn)
 p - a +0 cloak (worn)
 w - the +4 chain mail of Guit (worn) {rCorr Stlth+}
   (You found it on level 4 of the Dungeon)

   It provides partial protection from all sources of acid and corrosion.
   It makes you more stealthy.
 I - a +0 kite shield (worn)
Jewellery
 v - an amulet of regeneration (around neck)
 F - the ring "Feuneaf" (right hand) {Wiz rPois rF+ Will- Int+4}
   (You bought it in a shop on level 6 of the Dungeon)

   [ring of wizardry]

   It improves your spell success rate.
   It affects your intelligence (+4).
   It protects you from fire.
   It protects you from poison.
   It affects your willpower, your defense against some magical effects.
Wands
 y - a wand of polymorph (16)
 H - a wand of paralysis (7)
Scrolls
 e - 11 scrolls of identify {unknown}
 f - a scroll of random uselessness {unknown}
 g - 2 scrolls of magic mapping {unknown}
 i - 2 scrolls of blinking {unknown}
 k - 4 scrolls of teleportation {unknown}
 l - a scroll of amnesia {unknown}
 m - 2 scrolls of noise {unknown}
 t - 2 scrolls of enchant armour {unknown}
 u - 2 scrolls of fog {unknown}
 B - 3 scrolls of fear {unknown}
 D - a scroll of enchant weapon {unknown}
Potions
 c - a potion of berserk rage {unknown}
 d - 2 potions of lignification {unknown}
 j - 2 potions of might {unknown}
 o - a potion of brilliance {unknown}
 q - a potion of flight {unknown}
 s - a potion of ambrosia {unknown}
 z - a potion of heal wounds {unknown}
 A - a potion of mutation {unknown}
 C - 2 potions of attraction {unknown}
 E - 2 potions of haste {unknown}
 G - a potion of curing
 J - a potion of magic {unknown}
 K - a potion of degeneration {unknown}


   Skills:
 * Level 10.0 Fighting
 + Level 8.1 Long Blades
 + Level 7.6 Armour
 + Level 6.9 Dodging
 + Level 3.2 Shields
 + Level 4.3 Evocations


You had 8 spell levels left.
You didn't know any spells.
Your spell library was empty.

Dungeon Overview and Level Annotations

Branches:
Dungeon (8/15)             Temple (0/1) D:4
   Lair: D:8-11

Altars:
Hepliaklqana
Qazlal
Uskayaw
Wu Jian
Xom

Shops:
D:5 !   D:6 *   D:7 *


Innate Abilities, Weirdness & Mutations

You have a pair of horns on your head.
You reflexively headbutt those who attack you in melee.


Message History

The orc warrior is heavily wounded.
The orc warrior closely misses you. You furiously retaliate!
You headbutt the orc warrior.
You regained 2 hp, and now have 24/85 hp.
You closely miss the orc warrior.
The orc warrior is severely wounded.
You block the orc warrior's attack.
You hit the orc warrior but do no damage.
The orc warrior is severely wounded.
The orc warrior barely misses you.
You hit the orc warrior. You headbutt the orc warrior!
The orc warrior is almost dead.
The orc warrior hits you with a +0 morningstar!
* * * LOW HITPOINT WARNING * * *
You take 9 damage, and have 17/85 hp.
Your shield and chain mail of Guit prevent you from hitting the orc warrior.
The orc warrior is almost dead.
The orc warrior barely misses you.
You riposte.
You closely miss the orc warrior.
The orc warrior is almost dead.
You hit the orc warrior but do no damage.
The orc warrior is almost dead.
The orc warrior barely misses you.
The orc warrior hits you with a +0 morningstar!
* * * LOW HITPOINT WARNING * * *
You take 9 damage, and have 9/85 hp.
Okay, then.
You barely miss the orc warrior.
The orc warrior is almost dead.
The orc warrior hits you with a +0 morningstar.
* * * LOW HITPOINT WARNING * * *
You take 3 damage, and have 6/85 hp.
Your skin crawls.
You feel strong-willed. You block the orc warrior's attack.
You regained 2 hp, and now have 8/85 hp.
You hit the orc warrior but do no damage.
The orc warrior is almost dead.
The orc warrior hits you with a +0 morningstar!
You die...

......!........
)............. ..# ..
#............ ..#..#
#[........... #.#..#
#............ #....#
#............ #....#
#####............ #..#.#
.......)))....... #.....
........@o############†..
..........#............>.
..........#..........†##.
..........#...........##.
..........#...........##.
..........#...........##.
..........#...........##.
..........#...........##.
.............###....+###.


You could see an orc warrior.

Vanquished Creatures
  A manticore (D:7)
  A gargoyle (D:7)
  Grinder (D:5)
  A troll (D:7)
  Eustachio (D:4)
  Duvessa (D:5)
  An orc warrior (D:7)
  A sky beast (D:7)
  A centaur (D:5)
  2 ogres
  A phantom (D:6)
  Blork the orc (D:5)
  3 bullfrogs (D:6)
  Dowan (D:5)
  6 killer bees (D:8)
  4 wights (D:6)
  2 howler monkeys (D:7)
  2 jellies
  4 hounds
  6 orc priests
  Crazy Yiuf (D:2)
  Terence (D:2)
  2 iguanas (D:6)
  8 orc wizards
  5 worker ants
  A hound zombie (D:6)
  3 worker ant zombies
  8 adders
  A white imp (D:7)
  2 ufetubi
  3 worms
  2 dart slugs
  2 leopard geckos
  34 orcs
  3 ball pythons
  7 bats
  4 giant cockroaches
  13 goblins
  12 hobgoblins
  11 jackals
  7 quokkas
  6 frilled lizards
  A jackal zombie (D:5)
  10 kobolds
  A leopard gecko skeleton (D:4)
  A quokka zombie (D:8)
  8 rats
198 creatures vanquished.

Vanquished Creatures (others)
  A plant (D:7)
1 creature vanquished.

Grand Total: 199 creatures vanquished

Notes
Turn   | Place    | Note
-------+----------+-------------------------------------------
     0 | D:1      | Mitsuki the Minotaur Berserker began the quest for the Orb.
     0 | D:1      | Reached XP level 1. HP: 19/19 MP: 0/0
    24 | D:1      | Reached XP level 2. HP: 26/27 MP: 1/1
   406 | D:1      | Reached skill level 4 in Fighting
   765 | D:2      | Reached XP level 3. HP: 33/33 MP: 2/2
   825 | D:2      | Reached ** piety under Trog
   958 | D:2      | Found a shimmering altar of Xom.
  1096 | D:2      | Noticed Terence
  1112 | D:2      | Killed Terence
  1113 | D:2      | Reached XP level 4. HP: 41/41 MP: 3/3
  1434 | D:2      | Found a runed translucent door.
  1435 | D:2      | Noticed Crazy Yiuf
  1440 | D:2      | Killed Crazy Yiuf
  1441 | D:2      | Reached XP level 5. HP: 40/47 MP: 4/4
  1712 | D:3      | Reached skill level 5 in Long Blades
  2164 | D:3      | Reached *** piety under Trog
  2370 | D:3      | Found an ornate altar of the Wu Jian Council.
  2470 | D:3      | Reached skill level 5 in Fighting
  2742 | D:4      | Reached XP level 6. HP: 50/56 MP: 5/5
  2875 | D:4      | Identified the +4 chain mail of Guit {rCorr Stlth+}
  3094 | D:4      | Found a staircase to the Ecumenical Temple.
  3170 | D:4      | Reached XP level 7. HP: 62/62 MP: 6/6
  3184 | D:4      | Noticed Eustachio
  3197 | D:4      | Killed Eustachio
  3198 | D:4      | Reached skill level 6 in Fighting
  3198 | D:4      | Reached skill level 5 in Armour
  3198 | D:4      | Reached skill level 1 in Evocations
  3279 | D:5      | Entered Level 5 of the Dungeon
  3300 | D:5      | Noticed Blork the orc
  3308 | D:5      | Killed Blork the orc
  3532 | D:5      | Found Oshot's Distillery.
  3772 | D:5      | Reached **** piety under Trog
  3907 | D:5      | Reached skill level 5 in Dodging
  3907 | D:5      | Reached XP level 8. HP: 70/71 MP: 7/7
  3912 | D:5      | Noticed Grinder
  3915 | D:5      | Noticed Duvessa
  3957 | D:5      | Reached skill level 7 in Fighting
  3964 | D:5      | Killed Grinder
  4032 | D:5      | Noticed Dowan
  4045 | D:5      | Killed Duvessa
  4058 | D:5      | Killed Dowan
  4533 | D:6      | Found Emoecoack's Assorted Antiques.
  4541 | D:6      | Bought a heavily runed steel ring for 165 gold pieces
  4541 | D:6      | Identified the ring "Feuneaf" {Wiz rPois rF+ Will- Int+4}
                  | (You bought it in a shop on level 6 of the Dungeon)
  4541 | D:6      | Bought a potion of curing for 99 gold pieces
  4623 | D:6      | Reached skill level 8 in Fighting
  4926 | D:6      | Reached XP level 9. HP: 82/82 MP: 8/8
  5424 | D:7      | Noticed a gargoyle
  5446 | D:7      | Killed a gargoyle
  5447 | D:7      | Reached skill level 9 in Fighting
  5447 | D:7      | Reached skill level 1 in Shields
  5754 | D:7      | Found Xeed's Island Escapes.
  5778 | D:7      | Found a stormy altar of Qazlal.
  6149 | D:7      | Noticed a manticore
  6160 | D:7      | Killed a manticore
  6203 | D:7      | Noticed a troll
  6212 | D:7      | Killed a troll
  6337 | D:7      | Found a hazy altar of Hepliaklqana.
  6660 | D:8      | Found a hide-covered altar of Uskayaw.
  6698 | D:8      | Reached skill level 10 in Fighting
  6725 | D:8      | Slain by an orc warrior

Illustrated notes

Levels and vault maps discovered:
D:1:      onia_arrival_pyramid, layout_loops_ring, wad_floor_pattern_1
D:2:      layout_rooms, xom_teletrap_fun, minivault_19, serial_bayou_pond_e,
          uniq_crazy_yiuf_cottage, uniq_terence
D:3:      layout_loops_ring, overflow_temple_1_default
D:4:      layout_rooms, minmay_temple_entry_purple_smoke,
          minmay_fractal_squares_5, uniq_eustachio
D:5:      layout_loops_corners, serial_shops, nicolae_shop_waterfront,
          uniq_blork_the_orc, uniq_grinder, uniq_duvessa
D:6:      layout_loops_ring, serial_shops,
          nicolae_shop_temple_entry_statues_fountains, kennysheep_small_square
D:7:      minmay_cornered_nines, layout_layer_cave,
          nicolae_qazlal_style_of_elements, marbit_many_paths,
          serial_bayou_pond_d, nicolae_island_escapes
D:8:      layout_basic, eat_drink_and_be_merry_uskayaw

Skill      XL: |  1  2  3  4  5  6  7  8  9 |
---------------+----------------------------+-----
Long Blades    | 4 5 6 7 8 |  8.1
Fighting       | 4 5 6 8 10 | 10.0
Armour         | 3 4 5 6 7 |  7.6
Dodging        | 3 4 5 6 |  6.9
Evocations     | 2 3 4 |  4.3
Shields        | 3 |  3.2

Action                   |  1- 3 |  4- 6 |  7- 9 || total
-------------------------+-------+-------+-------++-------
Melee: Falchion          |    77 |   148 |   262 ||   487
       Headbutt          |    13 |    29 |    61 ||   103
 Fire: Hunting sling     |       |    10 |   124 ||   134
Invok: Berserk           |     1 |       |     3 ||     4
       Trog's Hand       |       |       |     4 ||     4
  Use: Potion            |       |       |     1 ||     1
Armor: Animal skin       |     2 |       |       ||     2
       Ring mail         |    16 |    39 |       ||    55
       Chain mail        |       |    20 |   189 ||   209
Dodge: Dodged            |    54 |    67 |   122 ||   243
Block: Kite shield       |       |       |   117 ||   117
       Rpst.: Falchion   |    12 |    19 |    28 ||    59

Table legend: (Time is in decaauts)
 A = Elapsed time spent in this place.
 B = Non-inter-level travel time spent in this place.
 C = Inter-level travel time spent in this place.
 D = Time resting spent in this place.
 E = Time spent auto-exploring this place.
 F = Levels seen in this place.
 G = Mean time per level.
                   A        B        C        D        E       F      G
               +--------+--------+--------+--------+--------+-----+--------+
         Total |   6794 |   6474 |    320 |    206 |   4941 |   8 |  849.2 |
       Dungeon |   6794 |   6474 |    320 |    206 |   4941 |   8 |  849.2 |
               +--------+--------+--------+--------+--------+-----+--------+

Top non-repeatable levels by time:
     D:7: 1403 daAuts
     D:5: 1147 daAuts
     D:2: 997 daAuts
     D:3: 930 daAuts
     D:1: 808 daAuts
     D:6: 755 daAuts
     D:4: 562 daAuts
     D:8: 189 daAuts
